 Dungeon Crawl Stone Soup version 0.26-a0-707-g31817bcca1 (webtiles) character file.

Game seed: 14502336937620936963

92 robertstho the Chiller (level 4, 0/24 HPs)
             Began as a Deep Elf Ice Elementalist on Oct 26, 2020.
             Slain by Crazy Yiuf
             ... wielding a +3 quarterstaff of chaos
              (11 damage)
             ... on level 2 of the Dungeon.
             The game lasted 00:02:30 (2319 turns).

robertstho the Chiller (Deep Elf Ice Elementalist)  Turns: 2319, Time: 00:02:32

Health: 0/24       AC:  2    Str:  5    XL:     4   Next: 35%
Magic:  7/11       EV: 13    Int: 21    God:
Gold:   110        SH:  0    Dex: 15    Spells: 9/10 levels left

rFire    . . .     SeeInvis .   e - +0 hand axe
rCold    . . .     Faith    .   (no shield)
rNeg     . . .     Spirit   .   a - +0 robe
rPois    .         Reflect  .   (no helmet)
rElec    .         Harm     .   (no cloak)
rCorr    .         Rampage  .   (no gloves)
MR       .....                  (no boots)
Stlth    ++........             (no amulet)
HPRegen  0.08/turn              (no ring)
MPRegen  0.12/turn              (no ring)

@: no status effects
A: no striking features
a: no special abilities


You were on level 2 of the Dungeon.
You visited 1 branch of the dungeon, and saw 2 of its levels.

You collected 110 gold pieces.

Inventory:

Hand Weapons
 c - a +0 dagger
 e - a +0 hand axe (weapon)
Armour
 a - a +0 robe (worn)
 d - a +0 cloak
Scrolls
 f - 2 scrolls of fog {unknown}
 i - a scroll of identify {unknown}
 j - a scroll of teleportation {unknown}
 k - a scroll of remove curse {unknown}
 n - 3 scrolls of random uselessness {unknown}
Potions
 b - 2 potions of invisibility {unknown}
 g - a potion of might {unknown}
 h - a potion of flight {unknown}
 l - a potion of resistance {unknown}
 m - 2 potions of curing {unknown}


   Skills:
 + Level 0.5 Fighting
 + Level 0.1 Axes
 + Level 2.8 Dodging
 + Level 3.1 Stealth
 * Level 3.8 Spellcasting
 * Level 5.5 Ice Magic


You had 9 spell levels left.
You knew the following spells:

 Your Spells              Type           Power        Failure   Level
a - Freeze                Ice            ####         1%          1

Your spell library contained the following spells:

 Spells                   Type           Power        Failure   Level
 Frozen Ramparts          Ice            ####..       3%          3
 Ozocubu's Armour         Ice            ####....     3%          3
 Hailstorm                Conj/Ice       ###.....     36%         4
 Summon Ice Beast         Ice/Summ       ###.....     36%         4


Dungeon Overview and Level Annotations

Branches:
Dungeon (2/15)

Altars:
Dithmenos

Annotations:
D:2 Crazy Yiuf


Message History

Casting: Freeze (safe; 1% risk of failure)
Confirm with . or Enter, or press ? or * to list all spells.
Aiming: Freeze (safe; 1% risk of failure)
Press: ? - help, Shift-Dir - straight line, f/p - Crazy Yiuf
Aim: Crazy Yiuf, wielding a +3 quarterstaff of chaos and wearing a +0 cloak (heavily wounded)
You freeze Crazy Yiuf.
Crazy Yiuf is heavily wounded.
Crazy Yiuf says, "Earwax hand testudinal!"
Crazy Yiuf hits you with a +3 quarterstaff of chaos!
Ouch! That really hurt!
Crazy Yiuf freezes you.
Casting: Freeze (safe; 1% risk of failure)
Confirm with . or Enter, or press ? or * to list all spells.
Aiming: Freeze (safe; 1% risk of failure)
Press: ? - help, Shift-Dir - straight line, f/p - Crazy Yiuf
Aim: Crazy Yiuf, wielding a +3 quarterstaff of chaos and wearing a +0 cloak (heavily wounded)
You freeze Crazy Yiuf.
Crazy Yiuf is severely wounded.
Crazy Yiuf hits you with a +3 quarterstaff of chaos!
You die...

.....##...###
#.[# ........#.#
##.## .....##.#.#
#..# .....##.#.#
##.# .....##.#.#
#.## .....##.#.#
#######..#
.#...##.#.# ####
###.#....#.#
....###.#.#
#...##..#.......#
......#.#.#
#..g@.####.#....#
.#........#
#)..### ##....##
..>.......# ####
######
####.#.#..# ##
#......# .#
##.#...#### .#
#.##.....## .#
#.##..#...#
.####.##..#####


You could see Crazy Yiuf.

Vanquished Creatures
  Jessica (D:2)
  2 adders (D:2)
  2 worms (D:2)
  2 dart slugs (D:1)
  A leopard gecko (D:1)
  2 ball pythons
  A giant cockroach (D:1)
  10 goblins
  A quokka (D:2)
  6 bats
  A frilled lizard (D:1)
  6 kobolds
  4 rats
39 creatures vanquished.

Notes
Turn   | Place    | Note
-------+----------+-------------------------------------------
     0 | D:1      | robertstho the Deep Elf Ice Elementalist began the quest
                  | for the Orb.
     0 | D:1      | Reached XP level 1. HP: 10/10 MP: 6/6
   376 | D:1      | Reached XP level 2. HP: 15/15 MP: 6/8
   429 | D:1      | Reached skill level 5 in Ice Magic
  1178 | D:1      | Reached XP level 3. HP: 16/19 MP: 7/9
  1357 | D:2      | Noticed Jessica
  1363 | D:2      | Killed Jessica
  1670 | D:2      | Reached XP level 4. HP: 20/24 MP: 8/11
  1737 | D:2      | Found a shadowy altar of Dithmenos.
  1856 | D:2      | Found a runed translucent door.
  1857 | D:2      | Noticed Crazy Yiuf
  2319 | D:2      | Slain by Crazy Yiuf

Illustrated notes

Levels and vault maps discovered:
D:1:      nzn_arrival_depleted_hourglass, layout_rooms
D:2:      layout_rooms, minmay_misc_feat_alley, grunt_dithmenos_smoke,
          uniq_jessica, uniq_crazy_yiuf_cottage

Skill      XL: |  1  2  3  4 |
---------------+-------------+-----
Ice Magic      | 5 |  5.5
Stealth        | 3 |  3.1
Fighting       | |  0.5
Axes           | |  0.1
Dodging        | |  2.8
Spellcasting   | |  3.8

Action                   |  1- 3 |  4- 6 || total
-------------------------+-------+-------++-------
Melee: Unarmed           |     6 |       ||     6
       Hand axe          |    23 |    14 ||    37
 Cast: Freeze            |    33 |    22 ||    55
 Stab: Sleeping          |     2 |       ||     2
Armor: Robe              |    12 |     4 ||    16
Dodge: Dodged            |    38 |    22 ||    60

Table legend: (Time is in decaauts)
 A = Elapsed time spent in this place.
 B = Non-inter-level travel time spent in this place.
 C = Inter-level travel time spent in this place.
 D = Time resting spent in this place.
 E = Time spent auto-exploring this place.
 F = Levels seen in this place.
 G = Mean time per level.
                   A        B        C        D        E       F      G
               +--------+--------+--------+--------+--------+-----+--------+
         Total |   2328 |   2318 |     10 |      0 |   2048 |   2 | 1164.0 |
       Dungeon |   2328 |   2318 |     10 |      0 |   2048 |   2 | 1164.0 |
               +--------+--------+--------+--------+--------+-----+--------+

Top non-repeatable levels by time:
     D:1: 1361 daAuts
     D:2: 966 daAuts
